 Dungeon Crawl Stone Soup version 0.21-a0-55-gb612c23 (webtiles) character file.

1553509 xgamer67 the Slayer (level 27, 258/258 HPs)
             Began as a Centaur Arcane Marksman on June 15, 2017.
             Was an Initiate of Gozag.
             Escaped with the Orb
             ... and 3 runes!
             The game lasted 04:03:00 (85729 turns).

xgamer67 the Slayer (Centaur Arcane Marksman)      Turns: 85729, Time: 04:03:01

Health: 258/258    AC: 48    Str: 31    XL:     27
Magic:  38/38      EV: 14    Int: 12    God:    Gozag
Gold:   0          SH:  0    Dex: 15    Spells: 27/48 levels left

rFire    + + +     SeeInvis +   a - +9 longbow (velocity)
rCold    + + .     Gourm    .   (shield currently unavailable)
rNeg     . . .     Faith    .   W - +9 scales of the Dragon King {rPois rF+ rC+ MR+}
rPois    +         Spirit   .   Z - +0 mask of the Dragon {MR+ Slay+3 SInv}
rElec    +         Reflect  .   k - +2 cloak "Attu" {rElec rF++ Str+4 Dex-5}
rCorr    +         Harm     .   u - +2 pair of gloves {Str+3}
MR       ++++.                  p - +4 centaur barding
Stlth    ..........             Q - amulet of the Air {Inacc +Fly rElec EV+5 RMsl}
HPRegen  0.53/turn              P - +3 ring of slaying
MPRegen  0.26/turn              Y - ring "Voymotokh" {rCorr rPois rC+ Str+4}

@: drained, repel missiles, very quick
A: hooves 3, agile 2, blurry vision 1, deformed body, speed 2, tough skin 3,
sturdy frame 1
0: Orb of Zot
}: 3/15 runes: decaying, slimy, gossamer
a: Potion Petition, Call Merchant, Bribe Branch, Renounce Religion, Evoke Flight


You escaped.
You worshipped Gozag.
Gozag was noncommittal.
You were hungry.

You visited 10 branches of the dungeon, and saw 53 of its levels.
You visited 1 bazaar.
You also visited: Labyrinth, Trove and Volcano.

You collected 31787 gold pieces.
You spent 10475 gold pieces at shops.
You paid 21312 gold pieces to Gozag.

Inventory:

Hand Weapons
 a - a +9 longbow of velocity (weapon)
 b - the +6 spear of Intimidation {venom, rElec MR++ Str-2 Dex+4}
   (You found it on level 1 of the Lair of Beasts)

   It poisons the flesh of those it strikes.
   It affects your strength (-2).
   It affects your dexterity (+4).
   It insulates you from electricity.
   It affects your resistance to hostile enchantments.
Missiles
 d - 726 arrows (quivered)
Armour
 k - the +2 cloak "Attu" (worn) {rElec rF++ Str+4 Dex-5}
   (You acquired it on level 5 of the Pits of Slime)

   It affects your strength (+4).
   It affects your dexterity (-5).
   It greatly protects you from fire.
   It insulates you from electricity.
 p - a +4 centaur barding (worn)
 u - a +2 pair of gloves of strength (worn)
 W - the +9 scales of the Dragon King (worn) {rPois rF+ rC+ MR+}
   (You bought it in a shop on level 15 of the Dungeon)

   It protects you from fire.
   It protects you from cold.
   It protects you from poison.
   It affects your resistance to hostile enchantments.
 Z - the +0 mask of the Dragon (worn) {MR+ Slay+3 SInv}
   (You found it on level 3 of the Elven Halls)

   It affects your accuracy and damage with ranged weapons and melee attacks
   (+3).
   It affects your resistance to hostile enchantments.
   It lets you see invisible.
Jewellery
 j - an uncursed amulet of regeneration
 l - an uncursed ring of positive energy
 q - the amulet "Seit" {Inacc rF+ rN++}
   (You found it on level 3 of the Elven Halls)

   [amulet of inaccuracy]

   It reduces the accuracy of all your attacks.
   It protects you from fire.
   It greatly protects you from negative energy.
 P - a +3 ring of slaying (left hand)
 Q - the amulet of the Air (around neck) {Inacc +Fly rElec EV+5 RMsl}
   (You bought it in a shop on level 10 of the Dungeon)

   [amulet of inaccuracy]

   It reduces the accuracy of all your attacks.
   It affects your evasion (+5).
   It insulates you from electricity.
   It lets you fly.
   It protects you from missiles.
 U - an uncursed ring of protection from magic
 V - a +5 ring of strength
 Y - the ring "Voymotokh" (right hand) {rCorr rPois rC+ Str+4}
   (You bought it in a shop on level 10 of the Dungeon)

   [ring of resist corrosion]

   It affects your strength (+4).
   It protects you from cold.
   It protects you from poison.
Wands
 v - a wand of disintegration (11/24)
 H - a wand of digging (9/24)
 K - a wand of polymorph (9/24)
 X - a wand of paralysis (16/24)
Scrolls
 g - 3 scrolls of fog
 m - 15 scrolls of teleportation
 s - 5 scrolls of blinking
 y - 3 scrolls of holy word
 z - 13 scrolls of identify
 E - 3 scrolls of enchant armour
 I - 13 scrolls of recharging
 N - 12 scrolls of remove curse
 O - 3 scrolls of fear
Potions
 e - 9 potions of agility
 h - 6 potions of ambrosia
 i - 2 potions of haste
 o - 7 potions of might
 r - a potion of invisibility
 t - 9 potions of brilliance
 w - 4 potions of mutation
 x - 5 potions of magic
 A - 3 potions of berserk rage
 B - 21 potions of curing
 C - 10 potions of heal wounds
 G - 5 potions of cancellation
 S - 2 potions of resistance
Miscellaneous
 D - a lightning rod (4/4)
 F - 3 boxes of beasts
 L - a lamp of fire
 R - a phial of floods
 T - a fan of gales
Comestibles
 f - 18 bread rations
 n - 54 meat rations
 J - 11 royal jellies


   Skills:
 + Level 23.1(22.7) Fighting
 - Level 20.0(19.6) Bows
 + Level 20.1(19.7) Armour
 - Level 10.0(9.7) Dodging
 - Level 11.0(10.7) Spellcasting
 - Level 12.0(11.7) Hexes
 - Level 8.2(7.9) Charms
 - Level 8.0(7.7) Summonings
 - Level 9.5(9.2) Necromancy
 - Level 10.2(9.9) Translocations
 - Level 8.0(7.7) Fire Magic
 - Level 7.0(6.7) Air Magic
 - Level 6.0(5.7) Evocations


You had 27 spell levels left.
You knew the following spells:

 Your Spells              Type           Power        Failure   Level  Hunger
a - Slow                  Hex            ####....     1%          2    None
b - Inner Flame           Hex/Fire       ####....     4%          3    ##.....
c - Cause Fear            Hex            ####......   6%          4    ####...
d - Summon Butterflies    Summ           ####....     3%          1    None
e - Regeneration          Chrm/Necr      ####......   6%          3    ##.....
f - Shroud of Golubria    Chrm/Tloc      ####......   2%          2    None
g - Apportation           Tloc           ####..       1%          1    None
h - Portal Projectile     Hex/Tloc       ####..       2%          3    ##.....
A - Swiftness             Chrm/Air       ###.....     5%          2    None


Dungeon Overview and Level Annotations

Branches:
Dungeon (15/15)            Temple (0/1) D:6            Lair (6/6) D:10
  Swamp (4/4) Lair:2       Spider (4/4) Lair:2        Slime (5/5) Lair:6
    Orc (2/2) D:10            Elf (3/3) Orc:2        Vaults (4/5) D:13
  Crypt (0/3) Vaults:3     Depths (5/5) D:15            Zot (5/5) Depths:5

Altars:
Ashenzari
Dithmenos
Gozag
Hepliaklqana
Makhleb
Okawaru
Qazlal
Ru
Sif Muna
Trog
Uskayaw
Vehumet
Xom
Zin
Beogh
Jiyva

Shops:
D:5 (}   D:8 [   D:9 =(   D:10 =?   D:15 [   Orc:1 [   Orc:2 }(}   Elf:1 :
Vaults:1 [   Vaults:2 :   Vaults:3 **   Depths:1 [   Depths:3 }==   Depths:5 }

Portals:
Hell: Depths:1 Depths:2 Depths:3 Depths:4 Depths:5
Abyss: Depths:1 Depths:4
Pandemonium: Depths:3 Depths:4 Depths:5
Ziggurat: Depths:2

Annotations:
Elf:2 3 runed doors


Innate Abilities, Weirdness & Mutations

You have hooves in place of feet.
Armour fits poorly on your strangely shaped body.
You cover ground very quickly.
You have extremely tough skin. (AC +3)
You are very agile. (Dex +4)
Scrolls take you a little longer to read.
Your movements are slightly less encumbered by armour. (ER -2)


Message History

6 gold pieces; an arrow You see here 2 arrows.
There is a stone staircase leading up here.
You climb upwards.
There is a stone staircase leading down here.
There is a stone staircase leading up here.
You climb upwards.
There is a stone staircase leading down here.
You see here a club.
A hell beast comes into view.
The hell beast barks!
Okay, then.
You enter the shallow water.
Moving in this stuff is going to be slow.
You enter the shallow water.
Moving in this stuff is going to be slow.
An Ice Fiend comes into view.
The Ice Fiend roars!
There is a staircase leading out of the dungeon here.
You have escaped!

...######## #...# ####...##
#..##)##..### #.#######.##....##
...#..#.....########.....##....'.
#..#.....#..##............##...##
2..######......≈≈≈......#..##.##
#.#####......≈≈.≈≈≈≈1..###.##.#
#.# #..#...≈≈≈≈≈.≈≈≈≈≈...##...#
#.# ###...≈≈≈≈≈...≈≈≈≈≈.##....#
#.# ##.##..≈≈≈..@..≈≈≈...##.###
#.###.##..≈≈≈≈≈...≈≈≈≈...####
#.....#..≈≈..2≈≈.≈≈≈≈......#
#....##......≈≈≈≈.≈....≈≈≈.##
#.#..#....##..≈≈≈.....≈≈≈...#
#.######..#...........≈...#######
#.#####..#.#.###)###....#### #...
..##....###### ##..##.####.###.##
######### #######>.......#


You could see an Ice Fiend and a hell beast.

Vanquished Creatures
  the Royal Jelly (Slime:5)
  2 ancient liches (Zot:5)
  7 orbs of fire
  Mara (Vaults:4)
  2 juggernauts
  Boris (Vaults:4)
  4 Killer Klowns
  3 caustic shrikes
  2 curse toes
  10 golden dragons
  Arachne (Spider:4)
  2 bone dragons
  2 electric golems
  A lich (Depths:3)
  Rupert (D:12)
  6 tentacled monstrosities
  11 Orb Guardians (Zot:5)
  Asterion (Depths:2)
  6 quicksilver dragons
  2 deep elf blademasters (Elf:3)
  A titan (Depths:3)
  23 acid blobs
  3 death cobs
  Gastronok (D:11)
  2 deep elf master archers (Elf:3)
  Kirke (Swamp:2)
  5 sphinxes
  Agnes (Spider:3)
  12 storm dragons
  2 thorn hunters
  3 tengu reavers
  5 draconian monks
  5 shadow dragons
  7 draconian scorchers
  7 azure jellies
  Roxanne (Elf:1)
  7 fire giants
  9 ghost moths
  12 vault wardens
  A cacodemon (Depths:3)
  9 frost giants
  A balrug (Depths:1)
  3 iron dragons
  Louise (Swamp:2)
  5 deep elf sorcerers
  3 deep elf elementalists
  2 ghouls
  An orc warlord (Vaults:4)
  5 emperor scorpions
  A draconian annihilator (Zot:1)
  6 draconian shifters
  28 very ugly things
  17 stone giants
  17 ironheart preservers
  8 entropy weavers
  3 draconian stormcallers
  A war gargoyle (Vaults:2)
  A spriggan defender (Depths:3)
  A vampire knight (Depths:3)
  9 deep elf demonologists
  4 purple draconians
  7 yellow draconians
  9 green draconians
  6 black draconians
  4 deep elf annihilators (Elf:3)
  8 red draconians
  7 white draconians
  8 spark wasps
  A crystal guardian (Vaults:3)
  6 deep elf death magi
  10 fire dragons
  8 ettins
  Snorg (D:10)
  8 death oozes
  3 deep elf high priests
  A blizzard demon (Depths:4)
  Josephine (D:12)
  A merfolk impaler (Depths:2)
  A minotaur (Lab)
  15 great orbs of eyes
  17 yaktaur captains
  2 jiangshi
  16 ogre magi
  14 ice dragons
  3 rakshasas
  17 hydras
  A spriggan air mage (Depths:3)
  21 vault guards
  2 catoblepae (Lair:6)
  11 centaur warriors
  A death knight (Vaults:1)
  A ghost crab (Swamp:4)
  5 alligators
  9 deep troll shamans
  A hell hog (Depths:2)
  A queen ant (Spider:2)
  58 two-headed ogres
  4 tengu warriors
  19 death yaks
  7 deep troll earth magi
  2 vampire magi (Depths:1)
  Urug (Orc:1)
  2 orc high priests
  3 spriggan berserkers
  23 deep elf knights
  2 iron trolls (Depths:5)
  Nergalle (D:10)
  4 sun demons
  A shadow wraith (Vaults:3)
  A sixfirhy (D:7)
  11 hell knights
  A golden dragon zombie (Depths:3)
  4 skeletal warriors (D:13)
  An unseen horror (shapeshifter) (Elf:2)
  2 unseen horrors
  A swamp dragon (shapeshifter) (Depths:2)
  20 deep elf archers
  An infernal demonspawn (Depths:3)
  2 flayed ghosts (Depths:2)
  An orange crystal statue (Depths:1)
  A torturous demonspawn (Depths:3)
  6 wizards
  2 spectral hydras (Swamp:4)
  3 glowing orange brains
  A glowing orange brain (shapeshifter) (Vaults:3)
  4 spriggan druids
  28 deep trolls
  27 ironbrand convokers
  3 harpies (shapeshifter)
  2 lindwurms (Lair:6)
  A shambling mangrove (Swamp:2)
  A swamp dragon (Swamp:4)
  4 harpies (Vaults:2)
  3 phantasmal warriors
  3 necromancers
  67 deep elf magi
  5 shining eyes
  6 oklob plants
  36 wolf spiders
  25 orc knights
  18 orb spiders
  7 orc sorcerers
  A sphinx skeleton (Depths:3)
  6 manticores
  45 ugly things
  29 moths of wrath
  3 elephants (Lair:5)
  A salamander (shapeshifter) (D:15)
  5 cyclopes
  An eye of devastation (Slime:4)
  A rust devil (Depths:3)
  2 guardian serpents
  A spiny frog (shapeshifter) (Vaults:4)
  9 centaur skeletons
  14 black mambas
  16 vault sentinels
  3 gargoyles
  A black mamba (shapeshifter) (Vaults:3)
  25 spiny frogs
  A smoke demon (Volcano)
  A rime drake (shapeshifter) (Depths:4)
  4 rime drakes
  2 swamp worm zombies (Swamp:4)
  A redback zombie (D:14)
  15 komodo dragons
  61 yaktaurs
  A hellwing (Depths:4)
  2 kobold demonologists
  17 demonic crawlers
  A yaktaur (shapeshifter) (Elf:3)
  A komodo dragon (shapeshifter) (Vaults:1)
  An efreet (D:15)
  A tengu conjurer (Depths:3)
  A guardian mummy (D:15)
  6 freezing wraiths
  31 jumping spiders
  A golden dragon simulacrum (Depths:3)
  5 red devils
  8 trolls
  3 meliai (D:15)
  2 meliai (shapeshifter)
  2 hydra zombies (Swamp:4)
  9 bog bodies
  27 hornets
  109 slime creatures
  Prince Ribbit (Lair:2)
  23 blink frogs
  A fire giant simulacrum (Vaults:3)
  5 tyrant leeches
  4 spectral swamp dragons (Swamp:4)
  8 hippogriffs
  3 alligator zombies (Swamp:4)
  2 tarantellas (shapeshifter)
  7 wraiths
  4 water elementals
  2 shadows
  A redback (shapeshifter) (Depths:4)
  24 spriggans
  4 basilisks
  Grum (D:11)
  49 yaks
  24 tarantellas
  4 fire elementals
  83 redbacks
  6 fire bats (Volcano)
  A yak (shapeshifter) (Vaults:2)
  5 hogs
  12 wyverns
  A ynoxinul (Zot:5)
  The ghost of Gin the Sneak, an amateur GnAs (D:5)
  10 golden eyes
  A human (D:10)
  2 hungry ghosts
  12 vampire mosquitoes
  5 wargs
  18 swamp worms
  3 soldier ants
  10 insubstantial wisps
  An acid dragon (shapeshifter) (Vaults:2)
  2 acid dragons
  A hell hound (Volcano)
  25 water moccasins
  Duvessa (D:4)
  A floating eye (Depths:4)
  3 porcupines
  7 swamp drakes
  42 orc warriors
  3 ice beasts
  4 sky beasts
  2 black bears
  An ettin simulacrum (Vaults:3)
  10 phantoms
  An eye of draining (shapeshifter) (Depths:5)
  An ice beast (shapeshifter) (Vaults:2)
  8 eyes of draining
  59 ogres
  28 centaurs
  18 boggarts
  A centaur (shapeshifter) (Vaults:2)
  A necrophage (D:7)
  5 swamp dragon zombies (Swamp:4)
  5 wolves
  17 crocodiles
  2 big kobolds
  A big kobold (shapeshifter) (Vaults:2)
  18 bullfrogs
  8 earth elementals
  A wyvern zombie (D:9)
  A water moccasin zombie (D:10)
  A gnoll sergeant (D:9)
  Dowan (D:4)
  A wyvern skeleton (D:13)
  A water moccasin skeleton (D:10)
  4 scorpions
  3 human simulacra
  6 killer bees
  5 wights
  8 howler monkeys
  An electric eel (Lair:5)
  A troll skeleton (Lab)
  5 lava snakes (Volcano)
  8 crimson imps
  3 quasits
  4 centaur zombies
  4 bullfrog zombies
  4 hounds
  9 jellies
  3 bullfrog skeletons
  23 orc priests
  A gnoll shaman (D:9)
  2 iron imps
  26 orc wizards
  7 iguanas
  14 worker ants
  A hell rat (Depths:5)
  4 hound skeletons
  7 gnolls (D:9)
  11 adders
  A swamp drake zombie (Swamp:4)
  9 shadow imps
  16 oozes
  An adder zombie (D:5)
  2 adder skeletons
  3 worms
  A dart slug (D:1)
  4 leopard geckos
  133 orcs
  8 giant cockroaches
  7 goblins
  2 hobgoblins
  20 jackals
  4 quokkas
  A ball python (D:3)
  10 bats
  7 frilled lizards
  2 jackal skeletons
  10 kobolds
  A leopard gecko skeleton (D:8)
  A quokka skeleton (D:7)
  A quokka zombie (D:6)
  11 rats
  2 plants
2468 creatures vanquished.

Vanquished Creatures (collateral kills)
  An ancient lich (Zot:5)
  Nikola (Spider:3)
  A Brimstone Fiend (Zot:5)
  A tentacled monstrosity (Zot:5)
  An Orb Guardian (Zot:5)
  A sphinx (Depths:2)
  A storm dragon (Zot:3)
  A tengu reaver (Depths:2)
  An azure jelly (Slime:5)
  A reaper (Zot:5)
  4 very ugly things (Depths:2)
  A draconian annihilator (Zot:2)
  A purple draconian (Zot:5)
  2 red draconians
  A black draconian (Zot:1)
  A fire dragon (Depths:2)
  An ice dragon (Depths:2)
  A spriggan air mage (Depths:2)
  A vampire mage (Depths:2)
  A deep troll (Depths:2)
  A necromancer (Depths:3)
  2 moths of wrath
  A tengu conjurer (Depths:3)
  A hornet (Depths:2)
  A tarantella (Spider:2)
  2 redbacks
  A floating eye (Depths:2)
33 creatures vanquished.

Vanquished Creatures (others)
  An orb of fire (Zot:5)
  A juggernaut (Depths:3)
  A golden dragon (Depths:3)
  A lich (Depths:2)
  9 Orb Guardians (Zot:5)
  3 tentacled monstrosities
  2 sphinxes (Depths:3)
  2 death cobs
  2 storm dragons
  3 draconian monks
  2 fire giants
  A frost giant (Depths:3)
  A draconian knight (Zot:2)
  A draconian shifter (Zot:5)
  A green draconian (Zot:5)
  2 draconian annihilators
  2 black draconians (Zot:5)
  A deep elf annihilator (Depths:2)
  4 white draconians
  7 red draconians
  2 ettins (Depths:3)
  A yellow draconian (Zot:2)
  A merfolk impaler (Depths:2)
  4 great orbs of eyes (Depths:3)
  3 yaktaur captains
  4 spriggan air magi
  7 dancing weapons
  A hell hog (Depths:2)
  An ogre mage (Depths:3)
  A tengu warrior (Depths:3)
  A spriggan berserker (Depths:2)
  An iron troll (Depths:2)
  A deep troll (Depths:2)
  A swamp dragon (Swamp:2)
  A necromancer (Depths:2)
  2 moths of wrath (Zot:5)
  A yaktaur (Depths:2)
  A hornet (Depths:2)
  A hellwing (Depths:4)
  A ynoxinul (Zot:5)
  2 spriggans (Depths:2)
  3 humans (Swamp:2)
  An insubstantial wisp (Swamp:4)
  An orc wizard (Orc:2)
  An ufetubus (Depths:3)
  An orc (Orc:1)
  24 fungi
  46 plants
162 creatures vanquished.

Grand Total: 2663 creatures vanquished

Notes
Turn   | Place    | Note
-------+----------+-------------------------------------------
     0 | D:1      | xgamer67 the Centaur Arcane Marksman began the quest for the Orb.
     0 | D:1      | Reached XP level 1. HP: 16/16 MP: 2/2
   582 | D:1      | Reached XP level 2. HP: 10/23 MP: 3/3
   897 | D:2      | Found a shadowy altar of Dithmenos.
  1023 | D:2      | Found a bloodstained altar of Trog.
  1201 | D:2      | Reached XP level 3. HP: 28/28 MP: 4/4
  1275 | D:2      | Learned a level 3 spell: Inner Flame
  1455 | D:2      | Found a faded altar of an unknown god.
  2234 | D:3      | Found an opulent altar of Gozag.
  2267 | D:3      | Became a worshipper of Gozag Ym Sagoz the Greedy
  2328 | D:2      | Found an iron altar of Okawaru.
  2328 | D:2      | Found a deep blue altar of Sif Muna.
  2328 | D:2      | Found a hazy altar of Hepliaklqana.
  2573 | D:3      | Reached XP level 4. HP: 23/35 MP: 5/5
  2906 | D:3      | Found a radiant altar of Vehumet.
  3003 | D:3      | Found a shattered altar of Ashenzari.
  3013 | D:3      | Reached skill level 5 in Bows
  3252 | D:3      | Found a hide-covered altar of Uskayaw.
  3379 | D:2      | Reached skill level 1 in Fire Magic
  4130 | D:4      | Noticed a phantom
  4148 | D:4      | Reached XP level 5. HP: 35/40 MP: 6/6
  4166 | D:4      | Killed a phantom
  4395 | D:4      | Noticed Duvessa
  4395 | D:4      | Noticed Dowan
  5096 | D:5      | Entered Level 5 of the Dungeon
  5128 | D:5      | Noticed Gin's ghost (amateur GnAs)
  5154 | D:5      | Killed Gin's ghost
  5154 | D:5      | Reached XP level 6. HP: 24/47 MP: 7/7
  5159 | D:5      | Learned a level 3 spell: Portal Projectile
  5326 | D:5      | Found Niheun's Weapon Emporium.
  5380 | D:5      | Found Weufuoph's Gadget Boutique.
  5767 | D:5      | Found a burning altar of Makhleb.
  6101 | D:5      | Reached XP level 7. HP: 52/52 MP: 8/8
  6158 | D:5      | Reached skill level 1 in Translocations
  6829 | D:6      | Noticed a hungry ghost
  6921 | D:6      | Killed a hungry ghost
  6925 | D:6      | Learned a level 2 spell: Slow
  7332 | D:6      | Found a staircase to the Ecumenical Temple.
  7464 | D:7      | Reached XP level 8. HP: 59/59 MP: 11/11
  7475 | D:7      | Reached skill level 10 in Bows
  7567 | D:7      | Found a glowing silver altar of Zin.
  7736 | D:7      | Got a slimy leather armour
  8553 | D:8      | Found Puucef's Armour Boutique.
  8565 | D:8      | Reached skill level 2 in Fighting
  8805 | D:8      | Reached skill level 3 in Fighting
  8805 | D:8      | Reached XP level 9. HP: 59/69 MP: 12/12
  9001 | D:8      | Identified the +3 leather armour of Poor Excuses {Str+6} (You found it on level 7 of the Dungeon)
  9164 | D:8      | Found a sacrificial altar of Ru.
  9289 | D:8      | Noticed a two-headed ogre
  9341 | D:8      | Killed a two-headed ogre
  9341 | D:8      | Reached skill level 4 in Fighting
  9677 | D:4      | Killed Duvessa
  9681 | D:4      | Killed Dowan
  9833 | D:4      | Reached skill level 5 in Fighting
  9879 | D:4      | Learned a level 4 spell: Cause Fear
 10368 | D:4      | Found a stormy altar of Qazlal.
 10749 | D:9      | Noticed a troll
 10881 | D:8      | Killed a troll
 10944 | D:8      | Reached XP level 10. HP: 30/81 MP: 13/13
 10952 | D:8      | Reached skill level 5 in Hexes
 11477 | D:9      | Found Gieh's Jewellery Shoppe.
 11667 | D:9      | Bought a glowing longbow for 202 gold pieces
 11685 | D:10     | Entered Level 10 of the Dungeon
 11829 | D:11     | Noticed Grum
 11840 | D:11     | Reached skill level 15 in Bows
 11844 | D:11     | Killed Grum
 11937 | D:11     | Found a shattered altar of Ashenzari.
 11941 | D:11     | Saw a vision of the Swamp and the Spider Nest.
 11941 | D:11     | Noticed a wolf spider
 11941 | D:11     | Noticed an alligator
 11942 | D:11     | Noticed an alligator
 12100 | D:11     | Found a labyrinth entrance.
 12108 | Lab      | Entered a labyrinth
 12326 | Lab      | Noticed a minotaur
 12356 | Lab      | Killed a minotaur
 12440 | Lab      | Got a shimmering scimitar
 12469 | D:11     | Identified the cursed +0 scimitar of the Fortune-Teller {protect, rF+ rN++ Stlth+} (You found it in a labyrinth)
 12804 | D:11     | HP: 4/81 [centaur/arrow (11)]
 12812 | D:11     | Reached XP level 11. HP: 28/86 MP: 14/14
 13125 | D:11     | Noticed Gastronok
 13142 | D:11     | Killed Gastronok
 13327 | D:10     | Noticed a death yak
 13346 | D:10     | Killed a death yak
 13509 | D:10     | Found a staircase to the Orcish Mines.
 13679 | D:10     | Noticed a death yak
 13679 | D:10     | Noticed a death yak
 13679 | D:10     | Noticed a two-headed ogre
 13712 | D:10     | Killed a death yak
 13724 | D:10     | Killed a death yak
 13745 | D:10     | Killed a two-headed ogre
 13978 | D:10     | Killed an unseen horror
 14105 | D:10     | Noticed a two-headed ogre
 14161 | D:10     | Killed a two-headed ogre
 14161 | D:10     | Reached XP level 12. HP: 80/94 MP: 15/15
 14802 | D:10     | Noticed Nergalle
 14810 | D:10     | Killed Nergalle
 14810 | D:10     | Reached skill level 5 in Dodging
 14816 | D:10     | Noticed a two-headed ogre
 14821 | D:10     | Killed a two-headed ogre
 14883 | D:10     | Reached skill level 5 in Armour
 14932 | D:10     | Found a staircase to the Lair.
 15158 | D:10     | Got an encrusted ring mail
 15169 | D:10     | Identified the cursed +1 ring mail of Ureurphui {rN++ Str+2 Dex-5 Stlth+} (You found it on level 10 of the Dungeon)
 15257 | D:12     | Noticed a two-headed ogre
 15307 | Lair:1   | Entered Level 1 of the Lair of Beasts
 15307 | Lair:1   | Found a shimmering altar of Xom.
 15340 | Lair:1   | Got a bloodstained spear
 15413 | Lair:1   | Got a dazzling quarterstaff
 16106 | Lair:2   | Found a hole to the Spider Nest.
 16651 | Lair:2   | Found a staircase to the Swamp.
 17422 | Lair:2   | Reached skill level 6 in Fighting
 17534 | Lair:3   | Noticed Prince Ribbit
 17546 | Lair:2   | Killed Prince Ribbit
 17566 | Lair:3   | Reached XP level 13. HP: 103/103 MP: 16/16
 17678 | Lair:3   | Identified the +6 spear of Intimidation {venom, rElec MR++ Str-2 Dex+4} (You found it on level 1 of the Lair of Beasts)
 17679 | Lair:3   | Identified the +1 quarterstaff of Nightmares {crush, MR+ Str+6} (You found it on level 1 of the Lair of Beasts)
 17895 | Lair:3   | Identified the Disquisition on Ignition and Self-Knowledge
 18093 | Lair:3   | Reached skill level 7 in Fighting
 19147 | Lair:4   | Reached skill level 8 in Fighting
 19946 | Lair:5   | Reached skill level 9 in Fighting
 20518 | Lair:5   | Reached skill level 10 in Fighting
 20518 | Lair:5   | Reached skill level 5 in Spellcasting
 20741 | Lair:5   | Reached skill level 1 in Evocations
 20876 | Lair:5   | Reached XP level 14. HP: 121/121 MP: 21/21
 21059 | Lair:6   | Entered Level 6 of the Lair of Beasts
 21488 | Lair:6   | Reached skill level 5 in Evocations
 22629 | Lair:6   | Found an iron altar of Okawaru.
 23214 | Lair:6   | Got a transparent ring mail
 23225 | Lair:6   | Identified the cursed +1 ring mail "Orias" {*Corrode Str+7 SInv Stlth-} (You found it on level 6 of the Lair of Beasts)
 23284 | Lair:6   | Reached skill level 11 in Fighting
 23293 | Lair:6   | Reached XP level 15. HP: 129/129 MP: 22/22
 23657 | Lair:6   | Found a viscous altar of Jiyva.
 23657 | Lair:6   | Found a staircase to the Slime Pits.
 24087 | D:10     | Bought a scroll of identify for 28 gold pieces
 24087 | D:10     | Bought a scroll of identify for 28 gold pieces
 24087 | D:10     | Bought a scroll of identify for 28 gold pieces
 24087 | D:10     | Bought a scroll of identify for 28 gold pieces
 24091 | D:10     | Bought the amulet of the Air {Inacc +Fly rElec EV+5 RMsl} for 666 gold pieces
 24099 | D:10     | Bought the ring "Voymotokh" {rCorr rPois rC+ Str+4} for 652 gold pieces
 24153 | Orc:1    | Entered Level 1 of the Orcish Mines
 24157 | Orc:1    | Noticed Snorg
 24175 | D:10     | Killed Snorg
 24737 | Orc:1    | Noticed Urug
 24745 | Orc:1    | Killed Urug
 24910 | Orc:1    | Found Vomeazar's Antique Armour Emporium.
 25003 | Orc:1    | Bought a pair of runed gloves for 232 gold pieces
 25694 | Orc:2    | Entered Level 2 of the Orcish Mines
 25772 | Orc:2    | Found a dark tunnel.
 25777 | Volcano  | Entered a volcano
 26161 | Volcano  | Found a bloodstained altar of Trog.
 26228 | Volcano  | Found a burning altar of Makhleb.
 26628 | Orc:2    | Found a staircase to the Elven Halls.
 26768 | Orc:2    | Reached skill level 12 in Fighting
 27033 | Orc:2    | Found Feadugh's Food Shoppe.
 27033 | Orc:2    | Found Oluank's Gadget Boutique.
 27035 | Orc:2    | Found Nily's Gadget Shop.
 27035 | Orc:2    | Found Wihuizan's Weapon Shoppe.
 27049 | Orc:2    | Bought a royal jelly for 28 gold pieces
 27049 | Orc:2    | Bought a meat ration for 70 gold pieces
 27049 | Orc:2    | Bought a bread ration for 70 gold pieces
 27049 | Orc:2    | Bought a bread ration for 70 gold pieces
 27049 | Orc:2    | Bought a meat ration for 70 gold pieces
 27049 | Orc:2    | Bought a meat ration for 70 gold pieces
 27049 | Orc:2    | Bought a bread ration for 70 gold pieces
 27049 | Orc:2    | Bought a royal jelly for 28 gold pieces
 27049 | Orc:2    | Bought a meat ration for 70 gold pieces
 27049 | Orc:2    | Bought a bread ration for 70 gold pieces
 27049 | Orc:2    | Bought a meat ration for 70 gold pieces
 27049 | Orc:2    | Bought a meat ration for 70 gold pieces
 28067 | D:12     | Identified the amulet of the Fool {Inacc +Inv Int+3} (You found it on level 12 of the Dungeon)
 28068 | D:12     | Noticed Rupert
 28149 | D:12     | Paralysed by Rupert for 6 turns
 28201 | D:12     | Killed Rupert
 28593 | D:12     | Identified Sif Muna's Guide on Shifting Unholy Secrets
 28657 | D:12     | Noticed Josephine
 28668 | D:12     | Killed Josephine
 28696 | D:12     | Reached XP level 16. HP: 141/141 MP: 15/23
 29363 | D:13     | Found a gate to the Vaults.
 29842 | D:13     | Reached skill level 13 in Fighting
 31342 | D:15     | Entered Level 15 of the Dungeon
 31395 | D:15     | Found a portal to a secret trove of treasure.
 31640 | D:15     | Reached skill level 10 in Armour
 32075 | D:15     | Reached skill level 10 in Dodging
 32245 | D:15     | Learned a level 2 spell: Swiftness
 32302 | D:15     | Reached skill level 1 in Air Magic
 32309 | D:15     | Reached skill level 1 in Charms
 32438 | D:15     | Found a staircase to the Depths.
 32587 | D:8      | Bought the +18 shield of the Gong {rElec rN+ MR+ EV-5} for 1167 gold pieces
 32768 | D:15     | You paid a toll of the shield of the Gong to enter a treasure trove
 32769 | Trove    | Entered a treasure trove
 32789 | Trove    | Got a warped silver amulet
 32817 | Trove    | Got a smoking shortbow
 32819 | Trove    | Got a pitted glaive
 32835 | Trove    | Reached skill level 14 in Fighting
 32835 | Trove    | Reached XP level 17. HP: 152/152 MP: 24/24
 32869 | D:15     | Identified the amulet of Inloinn {Inacc -Tele Int+4 Dex+2} (You found it in a treasure trove)
 32879 | D:15     | Identified the +2 glaive of Dyseaph {chop, Dex+3} (You found it in a treasure trove)
 32881 | D:15     | Identified the +9 shortbow of Uncertain Death {velocity, rElec Int+2} (You found it in a treasure trove)
 32895 | D:15     | Bought a +1 helmet of see invisible for 264 gold pieces
 32895 | D:15     | Bought the +9 scales of the Dragon King {rPois rF+ rC+ MR+} for 1996 gold pieces
 33091 | Swamp:1  | Entered Level 1 of the Swamp
 34312 | Swamp:2  | Noticed Louise
 34375 | Swamp:2  | Killed Louise
 34626 | Swamp:2  | Noticed Kirke
 34632 | Swamp:2  | Killed Kirke
 34805 | Swamp:2  | Noticed a tentacled monstrosity
 34815 | Swamp:2  | Killed a tentacled monstrosity
 35442 | Swamp:3  | Reached XP level 18. HP: 162/162 MP: 25/25
 35777 | Swamp:3  | Reached skill level 15 in Fighting
 36135 | Swamp:4  | Entered Level 4 of the Swamp
 38064 | Swamp:4  | Noticed a bone dragon
 38094 | Swamp:4  | Killed a bone dragon
 38107 | Swamp:4  | Got a decaying rune of Zot
 38880 | Spider:1 | Entered Level 1 of the Spider Nest
 39024 | Spider:1 | Identified a scroll of acquirement
 39026 | Spider:1 | Got a scorched centaur barding
 39037 | Spider:1 | Identified the +1 centaur barding of Lies {rC+ Str+4} (You acquired it on level 1 of the Spider Nest)
 41406 | Spider:3 | Noticed Nikola
 41415 | Spider:3 | Killed Nikola
 42707 | Spider:3 | Reached skill level 5 in Translocations
 42934 | Spider:3 | Reached XP level 19. HP: 166/166 MP: 26/26
 43370 | Spider:4 | Entered Level 4 of the Spider Nest
 44613 | Spider:4 | Noticed Arachne
 44892 | Spider:4 | Noticed Agnes
 44920 | Spider:3 | Killed Agnes
 45076 | Spider:4 | Killed Arachne
 47185 | Spider:4 | Got a gossamer rune of Zot
 47401 | Vaults:1 | Entered Level 1 of the Vaults
 48383 | Vaults:1 | Reached skill level 10 in Hexes
 49197 | Vaults:1 | Reached XP level 20. HP: 119/178 MP: 31/31
 49906 | Vaults:1 | Reached skill level 10 in Translocations
 50467 | Vaults:1 | Found Guposcho's Armour Boutique.
 50478 | Vaults:1 | Reached skill level 5 in Charms
 51653 | D:5      | Bought a lamp of fire for 400 gold pieces
 51676 | D:5      | Bought 30 arrows for 84 gold pieces
 51857 | Vaults:1 | Bought a meat ration for 65 gold pieces
 51857 | Vaults:1 | Bought a bread ration for 65 gold pieces
 51857 | Vaults:1 | Bought 3 fruits for 58 gold pieces
 51857 | Vaults:1 | Bought 2 fruits for 39 gold pieces
 51857 | Vaults:1 | Bought 3 fruits for 58 gold pieces
 51857 | Vaults:1 | Bought a meat ration for 65 gold pieces
 52844 | Vaults:2 | Found Zysazut's Book Boutique.
 52988 | Vaults:2 | Bought Weibbur's Compendium of the Traveller and the Entourage for 1125 gold pieces
 52990 | Vaults:2 | Learned a level 1 spell: Apportation
 52993 | Vaults:2 | Learned a level 2 spell: Shroud of Golubria
 52995 | Vaults:2 | Learned a level 1 spell: Summon Butterflies
 53245 | Vaults:2 | Reached skill level 1 in Summonings
 53905 | Lair:2   | Learned a level 3 spell: Regeneration
 55155 | Vaults:2 | Reached skill level 5 in Air Magic
 55450 | Vaults:2 | Reached XP level 21. HP: 184/184 MP: 34/34
 55663 | Vaults:2 | Reached skill level 10 in Spellcasting
 56273 | Vaults:2 | Reached skill level 5 in Fire Magic
 56580 | Elf:1    | Entered Level 1 of the Elven Halls
 56671 | Elf:1    | Noticed Roxanne
 56683 | Elf:1    | Killed Roxanne
 56683 | Elf:1    | Reached skill level 1 in Necromancy
 56958 | Elf:1    | Found Piggial's Book Shoppe.
 58165 | Elf:2    | Found a runed gate.
 58165 | Elf:2    | Found a runed gate.
 58165 | Elf:2    | Found a runed gate.
 58312 | Elf:2    | Reached skill level 5 in Summonings
 58942 | Elf:3    | Entered Level 3 of the Elven Halls
 59734 | Elf:3    | Identified the amulet of Traps {Gourm rF+} (You took it off a deep elf sorcerer on level 3 of the Elven Halls)
 59906 | Elf:3    | Identified the cursed +1 ring mail of Enous {Str+6} (You took it off a deep elf high priest on level 3 of the Elven Halls)
 59916 | Elf:3    | Identified the +0 robe of the Harvest {rN+ Regen+ Int+3} (You took it off a deep elf demonologist on level 3 of the Elven Halls)
 60095 | Elf:3    | Reached skill level 5 in Necromancy
 60973 | Elf:3    | Identified the amulet "Seit" {Inacc rF+ rN++} (You found it on level 3 of the Elven Halls)
 61569 | Vaults:3 | Reached XP level 22. HP: 182/192 MP: 36/36
 62439 | Vaults:3 | Found a staircase to the Crypt.
 62846 | Vaults:3 | Reached skill level 16 in Fighting
 63533 | Vaults:3 | Found Cusoc's General Store.
 63544 | Vaults:3 | Bought 19 arrows for 57 gold pieces
 63544 | Vaults:3 | Bought a royal jelly for 30 gold pieces
 63544 | Vaults:3 | Bought a bread ration for 75 gold pieces
 63797 | Vaults:3 | Bought a meat ration for 100 gold pieces
 63797 | Vaults:3 | Bought a royal jelly for 40 gold pieces
 63797 | Vaults:3 | Bought a +0 pair of gloves of strength for 230 gold pieces
 63896 | Vaults:4 | Noticed Mara
 63902 | Vaults:4 | Killed Mara
 63981 | Vaults:4 | Found a roughly hewn altar of Beogh.
 64510 | Vaults:4 | Noticed Boris
 64526 | Vaults:4 | Killed Boris
 64848 | Vaults:4 | Reached skill level 17 in Fighting
 65699 | Vaults:4 | Reached XP level 23. HP: 206/206 MP: 37/37
 66134 | Slime:1  | Entered Level 1 of the Pits of Slime
 66627 | Slime:1  | Gained mutation: You are frail. (-10% HP) [a shining eye]
 67186 | Slime:1  | Lost mutation: You are frail. (-10% HP) [potion of mutation]
 67186 | Slime:1  | Gained mutation: You have a pair of small horns on your head. [potion of mutation]
 67186 | Slime:1  | Gained mutation: You are covered in fur. (AC +1) [potion of mutation]
 67398 | Slime:2  | Gained mutation: Your magical capacity is low. (-10% MP) [a shining eye]
 67484 | Slime:5  | Entered Level 5 of the Pits of Slime
 67779 | Slime:5  | Gained mutation: Your magical capacity is very low. (-20% MP) [a shining eye]
 68164 | Slime:5  | Reached skill level 18 in Fighting
 68375 | Slime:5  | Noticed the Royal Jelly
 68439 | Slime:5  | Killed the Royal Jelly
 69049 | Slime:5  | Got a smoking copper ring
 69050 | Slime:5  | Identified the ring "Fiomous" {-Tele rC++ rN++ Int+5} (You found it on level 5 of the Pits of Slime)
 69053 | Slime:5  | Identified Wusymm's Reference Book on Earthen Evil
 69062 | Slime:5  | Got a heavily runed cloak
 69063 | Slime:5  | Identified the +2 cloak "Attu" {rElec rF++ Str+4 Dex-5} (You acquired it on level 5 of the Pits of Slime)
 69125 | Slime:5  | Got a slimy rune of Zot
 69132 | Slime:5  | Identified the ring of Yvinkal {rElec rPois MP+9 Str-3 Stlth+} (You found it on level 5 of the Pits of Slime)
 69142 | Slime:5  | Identified the Reference Book on Good Luck
 69587 | Depths:1 | Entered Level 1 of the Depths
 69951 | Depths:1 | Found a one-way gate to the infinite horrors of the Abyss.
 70404 | Depths:1 | Found a gateway to Hell.
 70612 | Depths:2 | Found Vaqu's Food Emporium.
 70777 | Depths:2 | Found a gateway to a ziggurat.
 70825 | Depths:2 | Bought 4 fruits for 78 gold pieces
 70825 | Depths:2 | Bought a royal jelly for 26 gold pieces
 70825 | Depths:2 | Bought a royal jelly for 26 gold pieces
 70825 | Depths:2 | Bought a bread ration for 65 gold pieces
 70825 | Depths:2 | Bought 4 fruits for 78 gold pieces
 70825 | Depths:2 | Bought a bread ration for 65 gold pieces
 71206 | Depths:2 | Reached skill level 19 in Fighting
 71364 | Depths:2 | Noticed a caustic shrike
 71376 | Depths:2 | Killed a caustic shrike
 71376 | Depths:2 | Reached XP level 24. HP: 177/221 MP: 30/30
 71960 | Depths:2 | Noticed Asterion
 71964 | Depths:2 | Killed Asterion
 73452 | Depths:3 | Reached skill level 20 in Fighting
 73662 | Depths:3 | Found Xinelesa's Jewellery Shoppe.
 73663 | Depths:3 | Found Gaecsyta's Gadget Boutique.
 73664 | Depths:3 | Found Heugatai's Jewellery Shoppe.
 73764 | Depths:3 | Noticed a juggernaut
 73787 | Depths:3 | Killed a juggernaut
 74115 | Depths:3 | Identified the +4 glaive "Yrghan" {chop, rF+ Stlth+} (You found it on level 3 of the Depths)
 74321 | Depths:3 | Noticed a juggernaut
 74327 | Depths:3 | Reached skill level 15 in Armour
 74336 | Depths:3 | Killed a juggernaut
 75202 | Depths:3 | Found a one-way gate leading to the halls of Pandemonium.
 75512 | Depths:4 | Reached XP level 25. HP: 222/231 MP: 30/30
 76429 | Depths:5 | Entered Level 5 of the Depths
 76635 | Depths:5 | Found a flickering gateway to a bazaar.
 76640 | Bazaar   | Entered a bazaar
 76677 | Bazaar   | Found Coacamm's Food Boutique.
 76685 | Bazaar   | Bought a bread ration for 40 gold pieces
 76685 | Bazaar   | Bought a bread ration for 40 gold pieces
 76685 | Bazaar   | Bought 2 fruits for 24 gold pieces
 76685 | Bazaar   | Bought a bread ration for 40 gold pieces
 76685 | Bazaar   | Bought a meat ration for 40 gold pieces
 76685 | Bazaar   | Bought a bread ration for 40 gold pieces
 76685 | Bazaar   | Bought a meat ration for 40 gold pieces
 76685 | Bazaar   | Bought a bread ration for 40 gold pieces
 76685 | Bazaar   | Bought a bread ration for 40 gold pieces
 76685 | Bazaar   | Bought a royal jelly for 16 gold pieces
 76685 | Bazaar   | Bought a royal jelly for 16 gold pieces
 76706 | Bazaar   | Found Qythrom's Food Boutique.
 76714 | Bazaar   | Bought a meat ration for 50 gold pieces
 76714 | Bazaar   | Bought a royal jelly for 20 gold pieces
 76714 | Bazaar   | Bought a fruit for 15 gold pieces
 76714 | Bazaar   | Bought a bread ration for 50 gold pieces
 76714 | Bazaar   | Bought a royal jelly for 20 gold pieces
 76714 | Bazaar   | Bought a royal jelly for 20 gold pieces
 76714 | Bazaar   | Bought a meat ration for 50 gold pieces
 76723 | Bazaar   | Found Gyts's General Store.
 76737 | Bazaar   | Found Ysmurias's Food Boutique.
 76745 | Bazaar   | Bought a royal jelly for 28 gold pieces
 76745 | Bazaar   | Bought a meat ration for 70 gold pieces
 76745 | Bazaar   | Bought a royal jelly for 28 gold pieces
 76745 | Bazaar   | Bought a potion of magic for 112 gold pieces
 76759 | Bazaar   | Bought a meat ration for 50 gold pieces
 76759 | Bazaar   | Bought a royal jelly for 20 gold pieces
 76759 | Bazaar   | Bought a royal jelly for 20 gold pieces
 76759 | Bazaar   | Bought a fruit for 15 gold pieces
 76759 | Bazaar   | Bought a royal jelly for 20 gold pieces
 76759 | Bazaar   | Bought a royal jelly for 20 gold pieces
 76759 | Bazaar   | Bought a meat ration for 50 gold pieces
 76759 | Bazaar   | Bought a bread ration for 50 gold pieces
 76759 | Bazaar   | Bought a royal jelly for 20 gold pieces
 76766 | Bazaar   | Found Bukk's Jewellery Shop.
 76774 | Bazaar   | Bought a +3 ring of slaying for 495 gold pieces
 76985 | Depths:5 | Noticed a juggernaut
 76997 | Depths:5 | Killed a juggernaut
 77887 | Depths:5 | Found a gate to the Realm of Zot.
 78304 | Depths:5 | Found a hazy altar of Hepliaklqana.
 78627 | Zot:1    | Entered Level 1 of the Realm of Zot
 80246 | Zot:2    | Reached XP level 26. HP: 227/242 MP: 30/30
 81420 | Zot:3    | Reached skill level 21 in Fighting
 82605 | Zot:4    | Noticed an orb of fire
 82615 | Zot:4    | Killed an orb of fire
 82896 | Zot:4    | Identified the ring "Qeeroab" {rElec SInv} (You found it on level 4 of the Realm of Zot)
 83389 | Zot:5    | Entered Level 5 of the Realm of Zot
 83389 | Zot:5    | Noticed an orb of fire
 83449 | Zot:5    | Lost mutation: You have a pair of small horns on your head. [a Zot trap]
 83465 | Zot:5    | Noticed an orb of fire
 83473 | Zot:5    | Noticed an orb of fire
 83475 | Zot:5    | Noticed an ancient lich
 83475 | Zot:5    | Noticed an orb of fire
 83489 | Zot:5    | Killed an ancient lich
 83567 | Zot:5    | Killed an orb of fire
 83660 | Zot:5    | Noticed an orb of fire
 83679 | Zot:5    | Noticed an ancient lich
 83681 | Zot:5    | Killed an orb of fire
 83711 | Zot:5    | Gained mutation: You have supernaturally acute eyesight. (SInv) [an orb of fire]
 83715 | Zot:4    | Gained mutation: You are frail. (-10% HP) [an orb of fire]
 83724 | Zot:4    | Killed an orb of fire
 83724 | Zot:4    | Reached skill level 22 in Fighting
 83729 | Zot:4    | Lost mutation: You have supernaturally acute eyesight. (SInv) [potion of mutation]
 83729 | Zot:4    | Lost mutation: You are covered in fur. (AC +1) [potion of mutation]
 83729 | Zot:4    | Lost mutation: You are frail. (-10% HP) [potion of mutation]
 83729 | Zot:4    | Lost mutation: Your magical capacity is very low. (-20% MP) [potion of mutation]
 83729 | Zot:4    | Lost mutation: Your magical capacity is low. (-10% MP) [potion of mutation]
 83729 | Zot:4    | Gained mutation: You expend magic power (3 MP) to strengthen your wands. [potion of mutation]
 83729 | Zot:4    | Gained mutation: Scrolls take you a little longer to read. [potion of mutation]
 83729 | Zot:4    | Gained mutation: You have a somewhat thin skeletal structure. (Dex +2, Stealth) [potion of mutation]
 83730 | Zot:4    | Lost mutation: You expend magic power (3 MP) to strengthen your wands. [potion of mutation]
 83730 | Zot:4    | Lost mutation: Scrolls take you a little longer to read. [potion of mutation]
 83730 | Zot:4    | Lost mutation: You have a somewhat thin skeletal structure. (Dex +2, Stealth) [potion of mutation]
 83730 | Zot:4    | Gained mutation: You are agile. (Dex +2) [potion of mutation]
 83730 | Zot:4    | Gained mutation: Your movements are slightly less encumbered by armour. (ER -2) [potion of mutation]
 83730 | Zot:4    | Gained mutation: You are very agile. (Dex +4) [potion of mutation]
 84028 | Zot:5    | Killed an orb of fire
 84030 | Zot:5    | Noticed an orb of fire
 84035 | Zot:5    | Killed an orb of fire
 84103 | Zot:5    | Killed an ancient lich
 84103 | Zot:5    | Reached XP level 27. HP: 239/255 MP: 38/38
 84109 | Zot:5    | Killed an orb of fire
 84803 | Zot:5    | Noticed an ancient lich
 84806 | Zot:5    | Noticed an orb of fire
 84896 | Zot:5    | Gained mutation: Scrolls take you a little longer to read. [an orb of fire]
 84899 | Zot:5    | Killed an orb of fire
 85035 | Zot:5    | Killed an ancient lich
 85035 | Zot:5    | Reached skill level 23 in Fighting
 85114 | Zot:5    | Got the Orb of Zot
 85147 | Zot:5    | Noticed Xeshego the pandemonium lord
 85593 | D:5      | Noticed Zutsootee the pandemonium lord
 85729 | D:$      | Escaped with the Orb!

Vault maps used:
D:1:      dpeg_arrival_subterranean_lakeside_camping
D:2:      bloody_trog, nicolae_overflow_hidden_temple,
          chequers_ecumenical_altar_simple
D:3:      lemuel_crystal_altar, old_standard_altar,
          nicolae_gozag_cash_rules_everything_around_me,
          nicolae_overflow_crystal_walls, first_bread
D:4:      kennysheep_mini_moat, grunt_ministairs_15, st_stairs_14, uniq_duvessa
D:5:      old_standard_altar, serial_shops, nicolae_shop_behind_doors,
          kennysheep_mini, kennysheep_small_spiral, minmay_misc_feat_ornament
D:6:      minmay_temple_entry_nine_rooms, eino_tiny_chamber
D:7:      kennysheep_little_box
D:8:      nicolae_ru_great_annihilating_truth, serial_shops, nicolae_shop_stone
D:9:      serial_shops, shop_fountains
D:10:     minmay_quarter_circles, dpeg_lair_monsters, grunt_livestock,
          st_stairs_7, uniq_nergalle
D:11:     lab_entry_generic, grunt_ashenzari_visionary, uniq_grum,
          uniq_gastronok
D:12:     kennysheep_generic_room_6, uniq_josephine, uniq_rupert
D:13:     erik_vaults_2
D:14:     grunt_ministairs_3
D:15:     grunt_enter_depths_hoard, nicolae_trove_entry_path_of_doom,
          serial_bayou_pond_e, nrook_guardian_serpent_double
Lair:1:   basic_altar
Lair:2:   minmay_swamp_entry_reptiles, dummy_spider_entry, beast_lair_carwin_2,
          minmay_lair_oklob_chamber
Lair:3:   minmay_holes, uniq_prince_ribbit2
Lair:4:   kb_forest_paths
Lair:5:   lemuel_slime, grunt_megastairs_1
Lair:6:   hangedman_lair_tendril_chambers, hangedman_lair_in_review,
          dpeg_slime_entry_enclosed_altar, basic_altar
Swamp:1:  evilmike_swamp_ruin_house_5, swamp_pool5
Swamp:2:  hangedman_swamp_blocks, swamp_pool2, uniq_louise, uniq_kirke
Swamp:3:  evilmike_swamp_ruin_rubble_1, nicolae_swamp_hydra_murder_den
Swamp:4:  swamp_pestilence, swamp_pool1
Spider:2: nicolae_spider_ant_collections
Spider:3: nicolae_spider_webs_and_nodes, uniq_nikola
Spider:4: grunt_spider_rune_island, uniq_arachne, uniq_agnes
Slime:1:  nicolae_slime_barrier
Orc:1:    serial_shops, shop, uniq_snorg, uniq_urug
Orc:2:    st_orc_ogre_mass, enter_volcano_1
Elf:1:    serial_shops, nicolae_shop_crystal, hangedman_elf_represent,
          uniq_roxanne
Elf:2:    st_stairs_1, minivault_5
Elf:3:    elf_hall_gauntlet_wide
Vaults:1: grunt_vaults_swirl, nicolae_vaults_rhombus_6,
          vaults_room_guarded_vault, nicolae_vaults_little_ls,
          ontoclasm_vaults_chip, hangedman_vaults_maws,
          nicolae_vaults_sealed_display, v_pattern_2, ontoclasm_vaults_shuriken,
          vaults_dpeg_ring, dpeg_vaults_monster_box, grunt_vaults_diagonal
Vaults:2: v_misc_9, nicolae_vaults_murderbox, vaults_room_octagon,
          hangedman_vaults_trim, nicolae_vaults_rhombus_7,
          nicolae_vaults_network_square, nicolae_vaults_little_squares_3,
          vaults_dpeg_spiral, grunt_vaults_focal, hangedman_vaults_stitches,
          v_misc_17, nicolae_vaults_alarming, serial_shops, shop
Vaults:3: grunt_vaults_hallway_long, nicolae_vaults_an_arrangement,
          nicolae_vaults_little_squares_3, nicolae_vaults_network_quinsquares,
          v_misc_22, minmay_crypt_entry_simple_statues,
          nicolae_vaults_network_s, vaults_mumra_minichess_inversion, v_misc_26,
          nicolae_vaults_triangles, vaults_room_fours, grunt_vaults_bifocal,
          v_misc_23, ontoclasm_vaults_gateway, serial_shops, shop
Vaults:4: vaults_room_semicircle, vaults_room_ringed_pool,
          grunt_vaults_hallway_short, ontoclasm_vaults_fault, v_rooms_3,
          ontoclasm_vaults_claustrophobia, ontoclasm_vaults_eye,
          vaults_room_hallway, nicolae_vaults_stairing_the_circle,
          nicolae_vaults_back_hallway, vaults_room_pools,
          vaults_standard_mumra_enter_the_diamond, nicolae_vaults_asterisk,
          nicolae_vaults_little_squares_2, special_room_vaults, uniq_mara,
          uniq_boris
Depths:1: lightli_too_deep, grunt_decor_resistance, abyss_entry, minivault_16,
          nooodl_food_tri
Depths:2: kennysheep_snake, enter_ziggurat_e, serial_shops, shop,
          hangedman_geh_valley, serial_bayou_shore_a, grunt_megastairs_3,
          uniq_asterion
Depths:3: little_maze_vault, grunt_pan_entry_zigzag, hell_entry,
          infiniplex_staircase_9_rooms, minmay_shop_grove
Depths:4: minmay_tri_box, rand_demon_pan_entry_5, hell_entry, abyss_entry
Depths:5: grunt_zot_entry_alcove, hell_entry, rand_demon_pan_entry_3,
          serial_shops, bzr_entry_road, old_standard_altar
Lab:      labyrinth_glass_2, labyrinth_skeletal_remains, lab_hedge,
          nicolae_lab_quarters, nicolae_lab_hexagon, nicolae_lab_very_dead_end,
          nicolae_lab_do_over
Bazaar:   bazaar_minmay_snake
Trove:    trove_garden
Volcano:  volcano_grotto

Skill      XL: |  1  2  3  4  5  6  7  8  9 10 11 12 13 14 15 16 17 18 19 20 21 22 23 24 25 26 27 |
---------------+----------------------------------------------------------------------------------+-----
Bows           | 3 4 5 7 9 12 14 16 18 19 20 | 20.0
Hexes          | 3 4 6 7 8 10 11 12 | 12.0
Fire Magic     | 1 2 3 4 8 |  8.0
Translocations | 2 3 5 9 10 | 10.2
Spellcasting   | 2 5 7 9 10 11 | 11.0
Fighting       | 3 5 6 10 11 12 14 15 17 19 20 22 23 | 23.1
Armour         | 4 6 7 9 10 13 15 18 19 20 | 20.1
Dodging        | 4 6 7 9 10 | 10.0
Evocations     | 1 6 |  6.0
Air Magic      | 2 3 5 7 |  7.0
Charms         | 2 3 7 8 |  8.2
Summonings     | 3 6 8 |  8.0
Necromancy     | 6 7 9 |  9.5

Action                   |  1- 3 |  4- 6 |  7- 9 | 10-12 | 13-15 | 16-18 | 19-21 | 22-24 | 25-27 || total
-------------------------+-------+-------+-------+-------+-------+-------+-------+-------+-------++-------
Melee: Unarmed           |    30 |       |       |       |       |       |       |       |       ||    30
       Kick              |    26 |    28 |    60 |   108 |   243 |   138 |   157 |       |       ||   760
       Short sword       |   120 |   180 |    54 |       |       |       |       |       |       ||   354
       Trident           |       |       |   259 |   297 |       |       |       |       |       ||   556
       Spear             |       |       |       |       |   610 |   328 |   359 |       |       ||  1297
 Fire: Shortbow          |    40 |   108 |   175 |    30 |       |       |       |       |       ||   353
       Longbow           |       |       |       |   433 |   942 |  1408 |  2427 |  2111 |  1306 ||  8627
 Cast: Inner Flame       |       |       |       |     5 |    14 |     5 |     1 |     1 |       ||    26
       Portal Projectile |       |       |       |       |     3 |     3 |     7 |     2 |     1 ||    16
       Apportation       |       |       |       |       |       |       |       |   195 |       ||   195
       Shroud of Golubri |       |       |       |       |       |       |       |     1 |       ||     1
       Regeneration      |       |       |       |       |       |       |       |       |    15 ||    15
Invok: Call Merchant     |       |       |       |     1 |     2 |     1 |     1 |     2 |     1 ||     8
       Bribe Branch      |       |       |       |       |       |       |       |     1 |     3 ||     4
Evoke: Wand              |       |       |    15 |     1 |     1 |     1 |     1 |       |     1 ||    20
       Phial of floods   |       |       |       |       |       |     2 |     1 |     1 |     1 ||     5
       Box of beasts     |       |       |       |       |       |     1 |       |     1 |       ||     2
       Lamp of fire      |       |       |       |       |       |       |       |     2 |       ||     2
       Phantom mirror    |       |       |       |       |       |       |       |       |     1 ||     1
  Use: Scroll            |     6 |     2 |    18 |     8 |    11 |    23 |    15 |    11 |    10 ||   104
       Potion            |       |       |       |     3 |     1 |     3 |     4 |     7 |    14 ||    32
 Stab: Paralysed         |       |       |    16 |       |       |       |       |       |       ||    16
       Distracted        |       |       |     1 |     1 |     2 |     1 |     1 |       |       ||     6
       Sleeping          |       |       |       |       |     1 |     1 |       |       |       ||     2
  Eat: Chunk             |     4 |       |       |       |       |       |       |       |       ||     4
       Fruit             |       |     4 |     7 |     7 |     6 |     3 |    13 |    17 |     4 ||    61
       Royal jelly       |       |     2 |       |     8 |     4 |     3 |     4 |     2 |     8 ||    31
       Bread ration      |       |     1 |     1 |       |     3 |     7 |     7 |     4 |       ||    23
Armor: Robe              |    33 |       |       |   180 |   280 |    84 |       |       |       ||   577
       Leather armour    |    21 |   139 |   206 |    86 |       |       |       |       |       ||   452
       Gold dragon scale |       |       |       |       |       |   544 |   939 |   407 |   375 ||  2265
Dodge: Dodged            |   100 |   113 |   117 |   164 |   599 |   514 |   556 |   223 |   179 ||  2565
       Deflected         |       |       |       |       |    12 |    24 |    99 |    53 |    17 ||   205
